 Dungeon Crawl Stone Soup version 0.20.1-1-g8b1a95d (webtiles) character file.

74 rrRat the Skirmisher (level 4, -2/40 HPs)
             Began as a Draconian Berserker on Nov 7, 2017.
             Was a Believer of Trog.
             Slain by an ogre
             ... wielding a +0 giant club
              (21 damage)
             ... on level 3 of the Dungeon.
             The game lasted 00:07:44 (1878 turns).

rrRat the Skirmisher (Draconian Berserker)          Turns: 1878, Time: 00:07:45

Health: -2/40      AC:  5    Str: 20    XL:     4   Next: 10%
Magic:  4/4        EV: 13    Int:  8    God:    Trog [**....]
Gold:   128        SH:  0    Dex: 10    Spells: 3/3 levels left

rFire    . . .     SeeInvis .   c - +0 mace (venom)
rCold    . . .     Gourm    .   (no shield)
rNeg     . . .     Faith    .   (armour unavailable)
rPois    .         Spirit   .   (helmet restricted)
rElec    .         Reflect  .   (no cloak)
rCorr    .         Harm     .   (no gloves)
MR       .....     Rnd*Tele +   (no boots)
Stlth    +.........             (no amulet)
Regen    0.2/turn               h - ring of teleportation (curse)
MPRegen  0.1/turn               (no ring)

@: no status effects
A: unfitting armour, cold-blooded, AC +5
a: Berserk, Trog's Hand, Burn Spellbooks, Renounce Religion


You were on level 3 of the Dungeon.
You worshipped Trog.
Trog was pleased with you.
You were not hungry.

You visited 1 branch of the dungeon, and saw 3 of its levels.

You collected 128 gold pieces.

Inventory:

Hand Weapons
 c - a +0 mace of venom (weapon)
Jewellery
 h - a cursed ring of teleportation (left hand)
 o - an uncursed ring of wizardry {unknown}
Wands
 j - a wand of iceblast (9/15)
Scrolls
 f - a scroll of enchant armour {unknown}
 m - a scroll of remove curse {unknown}
 p - a scroll of enchant weapon {unknown}
 q - 3 scrolls of teleportation {unknown}
Potions
 a - a potion of mutation {unknown}
 d - 2 potions of might {unknown}
 e - a potion of heal wounds {unknown}
 g - 2 potions of curing {unknown}
 k - a potion of flight {unknown}
 l - 2 potions of lignification {unknown}
 n - a potion of resistance {unknown}
Comestibles
 b - 2 bread rations
 i - a royal jelly


   Skills:
 * Level 4.0 Fighting
 * Level 4.0 Maces & Flails
 + Level 3.1 Dodging
 + Level 0.4 Stealth


You had 3 spell levels left.
You didn't know any spells.

Dungeon Overview and Level Annotations

Branches:
Dungeon (3/15)

Altars:
Fedhas
Hepliaklqana
Okawaru
Trog


Innate Abilities, Weirdness & Mutations

Your plain brown scales are hard. (AC +5)
You cannot fit into any form of body armour.
You are cold-blooded and may be slowed by cold attacks.


Message History

The ogre shouts!
The ogre hits you with a giant club!!
Ouch! That really hurt!
You hit the ogre.
The ogre is poisoned.
The ogre is lightly wounded.
The ogre misses you.
You completely miss the ogre.
The ogre is lightly wounded.
The ogre closely misses you.
You sock the ogre!
The ogre is heavily wounded.
The ogre closely misses you.
You hit the ogre.
The ogre looks as sick as possible!
The ogre is heavily wounded.
The ogre closely misses you.
You hit the ogre.
The ogre looks as sick as possible!
The ogre is severely wounded.
The ogre hits you with a giant club!!
Ouch! That really hurt!
You die...

##########
#........#
#.######.# #.# #.#
#.######.#####
#####.##.........#
....#.##.###.###.#
##.............#@#
#....).......#.#O#
##...##.######.#.#
##.###.# #.# #.#
#.# .?# #.# #.#
### ##'###.#
##...##.###
#.....#....


You could see an ogre.

Vanquished Creatures
  A worm (D:2)
  A dart slug (D:1)
  9 orcs (D:3)
  A ball python (D:1)
  2 giant cockroaches
  6 goblins
  14 hobgoblins
  9 kobolds
  5 bats
  6 rats
54 creatures vanquished.

Notes
Turn   | Place    | Note
-------+----------+-------------------------------------------
     0 | D:1      | rrRat the Draconian Berserker began the quest for the Orb.
     0 | D:1      | Reached XP level 1. HP: 19/19 MP: 1/1
   194 | D:1      | Found an iron altar of Okawaru.
   210 | D:1      | Reached XP level 2. HP: 23/26 MP: 2/2
   864 | D:2      | Found a hazy altar of Hepliaklqana.
   992 | D:2      | Reached XP level 3. HP: 33/33 MP: 3/3
  1131 | D:2      | Found a bloodstained altar of Trog.
  1230 | D:2      | Reached ** piety under Trog
  1231 | D:2      | Found a blossoming altar of Fedhas.
  1749 | D:3      | Reached XP level 4. HP: 34/40 MP: 4/4
  1871 | D:3      | Noticed an ogre
  1878 | D:3      | Slain by an ogre

Skill      XL: |  1  2  3  4 |
---------------+-------------+-----
Dodging        | 3 |  3.1
Maces & Flails | 4 |  4.0
Fighting       | 4 |  4.0
Stealth        | |  0.4

Action                   |  1- 3 |  4- 6 || total
-------------------------+-------+-------++-------
Melee: Mace              |   119 |    11 ||   130
       Tailslap          |     9 |       ||     9
Throw: Tomahawk          |     3 |       ||     3
 Stab: Sleeping          |       |     1 ||     1
  Eat: Chunk             |     3 |       ||     3
Armor: Skin              |    33 |     1 ||    34
Dodge: Dodged            |    79 |     6 ||    85
